 Dungeon Crawl Stone Soup version 0.30.0-29-ga12c61a403 (webtiles) character file.

Game seed: 7600296843186195463

43 javelincjr the Ducker (level 3, -2/22 (26) HPs)
             Began as a Djinni Hedge Wizard on June 12, 2023.
             Slain by Terence
             ... wielding a +0 falchion
              (4 damage)
             ... on level 2 of the Dungeon.
             The game lasted 00:04:10 (1032 turns).

javelincjr the Ducker (Djinni Hedge Wizard)         Turns: 1032, Time: 00:04:11

HP:   -2/22 (26)    AC:  2    Str:  9    XL:     3   Next: 82%
Gold: 22            EV: 12    Int: 17    God:
                    SH:  0    Dex: 12

rFire   + + .        a - +0 dagger
rCold   x . .        (no shield)
rNeg    . . .        b - +0 robe
rPois   ∞            c - +0 hat
rElec   .            (no cloak)
rCorr   .            (no gloves)
SInv    .            (boots unavailable)
Will    .....        (no amulet)
Stlth   ++           (no ring)
HPRegen 0.23/turn    (no ring)
MPRegen 0.00/turn

%: infuse magic (-3 HP)
@: flying, heavily drained
A: sickness immunity, fire resistance 2, cold vulnerability 1, float, innate
caster, HP casting, extra vitality 1
a: no special abilities


You were on level 2 of the Dungeon.
You visited 1 branch of the dungeon, and saw 2 of its levels.

You collected 22 gold pieces.

Inventory:

Hand Weapons
 a - a +0 dagger (weapon)
Armour
 b - a +0 robe (worn)
 c - a +0 hat (worn)
Jewellery
 e - a ring of protection from cold
Scrolls
 d - a scroll of noise {unknown}
 g - 2 scrolls of teleportation {unknown}
 i - a scroll of vulnerability {unknown}
Potions
 f - a potion of cancellation {unknown}
 h - a potion of haste {unknown}


   Skills:
 * Level 0.7 Fighting
 + Level 2.9 Dodging
 + Level 2.2 Stealth
 * Level 2.8 Spellcasting


You knew the following spells:

 Your Spells              Type           Power      Damage    Failure   Level
a - Magic Dart            Conj           48%        1d5       5%          1
b - Slow                  Hex            48%        N/A       5%          1
c - Blink                 Tloc           24%        N/A       9%          2
d - Call Imp              Summ           24%        N/A       9%          2
e - Mephitic Cloud        Conj/Pois/Air  12%        N/A       17%         3
f - Kiss of Death         Conj/Necr      48%        2d9       5%          1
Your spell library was empty.

Dungeon Overview and Level Annotations

Branches:
Dungeon (2/15)

Altars:

Annotations:
D:2 Terence


Innate Abilities, Weirdness & Mutations

You are immune to sickness and miasma.
You are immune to poison.
Your flesh is very heat resistant. (rF++)
You are vulnerable to cold. (rC-)
You float through the air rather than walking.
You learn spells naturally, not from books.
Your magical power is your life essence.
You have superior vitality. (+4 MHP)


Message History

Your cerulean imp barely misses Terence.
Terence hits your cerulean imp with a +0 falchion.
Your cerulean imp hits Terence but does no damage.
Terence barely misses your cerulean imp.
The dart slug launches a dart at your cerulean imp.
The slug dart hits you.
Your cerulean imp hits Terence with a -3 spear.
You swap places.
Terence misses you.
Your cerulean imp hits Terence but does no damage.
There is a stone staircase leading up here.
You hit Terence but do no damage.
Terence is severely wounded.
Terence completely misses you.
Your cerulean imp hits Terence but does no damage.
You hit Terence but do no damage.
Terence is severely wounded.
Terence hits you with a +0 falchion.
Your cerulean imp hits Terence but does no damage.
You are too injured to fight recklessly!
You are too injured to fight recklessly!
Terence misses you. The dart slug launches a dart at you.
The slug dart hits your cerulean imp.
Your cerulean imp dies!
Your cerulean imp disappears in a puff of smoke!
Casting: Kiss of Death (safe; 5% risk of failure)
Confirm with . or Enter, or press ? or * to list all spells.
A tiny devil pulls itself out of the air.
Terence hits you with a +0 falchion!
* * * LOW HITPOINT WARNING * * *
The dart slug completely misses your cerulean imp.
You hit Terence but do no damage.
Terence is severely wounded.
Terence misses you.
Your cerulean imp hits the dart slug but does no damage.
You hit Terence.
Terence is almost dead.
Terence looks scornfully at you. Terence hits you with a +0 falchion.
You die...

.. ...
...h##########
r............
...@.....#.####
#†...>..#
#w#####.# #5#
#@# #@# #.# #..
##. .# .# .#


You could see Terence (very drained), a dart slug (ally target) and a friendly
cerulean imp (summoned).

Vanquished Creatures
  2 dart slugs (D:1)
  2 bats (D:1)
  3 endoplasms (D:1)
  2 giant cockroaches (D:1)
  2 goblins (D:1)
  A hobgoblin (D:1)
  3 jackals
  A kobold (D:1)
  A ball python (D:1)
  2 rats (D:1)
19 creatures vanquished.

Vanquished Creatures (collateral kills)
  A gnoll (D:1)
  4 jackals
  A rat (D:1)
6 creatures vanquished.

Grand Total: 25 creatures vanquished

Notes
Turn   | Place    | Note
-------+----------+-------------------------------------------
     0 | D:1      | javelincjr the Djinni Hedge Wizard began the quest for the
                  | Orb.
     0 | D:1      | javelincjr set off with the following spells memorised:
                  | Magic Dart, Slow, Blink, Call Imp, Mephitic Cloud.
     0 | D:1      | Reached XP level 1. HP: 15/15 MP: 0/0
    82 | D:1      | Reached XP level 2. HP: 19/21 MP: 0/0
   576 | D:1      | Reached XP level 3. HP: 21/25 MP: 0/0
   576 | D:1      | Learned a level 1 spell: Kiss of Death
   927 | D:2      | Noticed Terence
  1032 | D:2      | Slain by Terence

Illustrated notes

Levels and vault maps discovered:
D:1:      wander_arrival_fairy_ring, layout_basic, serial_glass,
          glass_columns_b, glass_columns_c
D:2:      layout_loops_ring, kennysheep_boxes, uniq_terence, uniq_jessica

Skill      XL: |  1  2 |
---------------+-------+-----
Stealth        | 2 |  2.2
Fighting       | |  0.7
Dodging        | |  2.9
Spellcasting   | |  2.8

Action                     || total
---------------------------++-------
  Melee: Dagger            ||    17
   Cast: Magic Dart        ||    49
         Call Imp          ||     7
         Kiss of Death     ||     1
 Armour: Robe              ||     6
  Dodge: Dodged            ||    20
